[Event "ICC tourney 2530 (3 2)"]
[Site "Internet Chess Club"]
[Date "2021.04.23"]
[Round "1"]
[White "MATHIYAZHAGAN, ASHRITH:K09-15357100"]
[Black "CHOW, JOHANNES:K09-30063081"]
[Result "1-0"]
[ICCResult "Black resigns"]
[WhiteElo "1400"]
[BlackElo "1400"]
[Opening "Sicilian: Pelikan (Lasker/Sveshnikov) variation"]
[ECO "B33"]
[NIC "SI.35"]
[Time "18:01:33"]
[PlyCount "21"]
[TimeControl "180+2"]

1. e4 c5 2. Nf3 Nc6 3. d4 cxd4 4. Nxd4 Nf6 5. Nc3 e5 6. Ndb5 d6 7. Nd5 a6
8. Nbc7+ Kd7 9. Nxa8 Nxd5 10. exd5 Ne7 11. Be3 { Black resigns } 1-0

[Event "ICC tourney 2530 (3 2)"]
[Site "Internet Chess Club"]
[Date "2021.04.23"]
[Round "1"]
[White "GUPTA, VEDANT:K09-30042581"]
[Black "SAFRANEK, WILLIAM:K09-15106903"]
[Result "0-1"]
[ICCResult "White resigns"]
[WhiteElo "1400"]
[BlackElo "1400"]
[Opening "KP: Patzer opening"]
[ECO "C20"]
[NIC "KP.10"]
[Time "18:01:13"]
[PlyCount "27"]
[TimeControl "180+2"]

1. e4 e5 2. Qh5 Nc6 3. Bc4 g6 4. Qf3 Nf6 5. Nc3 Nd4 6. Qe3 Nxc2+ 7. Kf1
Nxe3+ 8. fxe3 Bc5 9. Na4 Nxe4 10. Nxc5 Nxc5 11. a3 d5 12. Bxd5 Qxd5 13. Nf3
Qd3+ 14. Kg1 { White resigns } 0-1

[Event "ICC tourney 2530 (3 2)"]
[Site "Internet Chess Club"]
[Date "2021.04.23"]
[Round "1"]
[White "S JANIS, MAXTON:K09-30158505"]
[Black "Y NG, EUGENE:K09-17199947"]
[Result "0-1"]
[ICCResult "White checkmated"]
[WhiteElo "1009"]
[BlackElo "1400"]
[Opening "Scandinavian defense"]
[ECO "B01"]
[NIC "SD.03"]
[Time "18:01:12"]
[PlyCount "44"]
[TimeControl "180+2"]

1. e4 d5 2. exd5 Nf6 3. Nc3 e6 4. dxe6 Bxe6 5. Nf3 Nc6 6. Qe2 Bc5 7. Ng5
O-O 8. Nxe6 fxe6 9. Qd1 e5 10. Be2 Nd4 11. O-O Qd7 12. Nb5 Nxb5 13. Bxb5
Qxb5 14. Qe1 Ng4 15. Qe4 Nxf2 16. Qd5+ Kh8 17. Rxf2 Rxf2 18. h3 Qf1+ 19.
Kh2 Raf8 20. h4 h6 21. h5 R8f3 22. Qxc5 Qxg2# { White checkmated } 0-1

[Event "ICC tourney 2530 (3 2)"]
[Site "Internet Chess Club"]
[Date "2021.04.23"]
[Round "1"]
[White "ALEXANDER MORGAN, CAMERON:K09-15934151"]
[Black "SAXENA, PRATHAM:K09-30155954"]
[Result "0-1"]
[ICCResult "White checkmated"]
[WhiteElo "1400"]
[BlackElo "1400"]
[Opening "Ruy Lopez: Berlin defense"]
[ECO "C65"]
[NIC "RL.07"]
[Time "18:01:09"]
[PlyCount "46"]
[TimeControl "180+2"]

1. e4 e5 2. Nf3 Nc6 3. Bb5 Nf6 4. Bxc6 bxc6 5. Nxe5 Qe7 6. Nf3 Nxe4 7. Qe2
Nf6 8. Qxe7+ Bxe7 9. Nc3 O-O 10. d4 c5 11. dxc5 Bxc5 12. Bg5 h6 13. Bxf6
gxf6 14. O-O d6 15. Rfe1 Bg4 16. Re4 Bxf3 17. gxf3 Rae8 18. Rg4+ Kh8 19.
Ne4 f5 20. Nf6 fxg4 21. Nxe8 Rxe8 22. Rd1 gxf3 23. Rd5 Re1# { White
checkmated } 0-1

[Event "ICC tourney 2530 (3 2)"]
[Site "Internet Chess Club"]
[Date "2021.04.23"]
[Round "1"]
[White "KIM, LEO:K09-17247615"]
[Black "S SANDHU, ARYAN:K12-30160866"]
[Result "1-0"]
[ICCResult "Black checkmated"]
[WhiteElo "1400"]
[BlackElo "952"]
[Opening "Sicilian: Alapin's variation (2.c3)"]
[ECO "B22"]
[NIC "SI.46"]
[Time "18:01:20"]
[PlyCount "53"]
[TimeControl "180+2"]

1. e4 c5 2. c3 Nf6 3. e5 Ne4 4. f3 Ng5 5. d4 cxd4 6. Bxg5 f6 7. exf6 exf6
8. Bf4 g5 9. Bxb8 Rxb8 10. cxd4 Bb4+ 11. Nc3 Bxc3+ 12. bxc3 Qa5 13. Qd2 O-O
14. Bc4+ Kg7 15. Ne2 Qc7 16. Qd3 d5 17. Bxd5 Bd7 18. O-O Rbc8 19. Rac1 Ba4
20. Ng3 Rfd8 21. Be4 Kf7 22. Bxh7 Bd7 23. Qg6+ Ke6 24. Rfe1+ Kd6 25. Qxf6+
Be6 26. Nf5+ Kd7 27. Qxe6# { Black checkmated } 1-0

[Event "ICC tourney 2530 (3 2)"]
[Site "Internet Chess Club"]
[Date "2021.04.23"]
[Round "1"]
[White "ZHOU, ATHENA:K09-17305940"]
[Black "ROSLIK NEVISTICH, LUCAS:K09-16541246"]
[Result "1-0"]
[ICCResult "Black checkmated"]
[WhiteElo "1400"]
[BlackElo "1469"]
[Opening "Petrov three knights game"]
[ECO "C42"]
[NIC "RG.01"]
[Time "18:01:45"]
[PlyCount "31"]
[TimeControl "180+2"]

1. e4 e5 2. Nf3 Nf6 3. Nc3 Bc5 4. d4 exd4 5. Nxd4 d6 6. Bc4 Ng4 7. O-O Qf6
8. Be3 Nc6 9. Nxc6 Bxe3 10. Qf3 bxc6 11. Qxf6 Nxf2 12. Rxf2 Bxf2+ 13. Qxf2
O-O 14. Rd1 Re8 15. Qxf7+ Kh8 16. Qxe8# { Black checkmated } 1-0

[Event "ICC tourney 2530 (3 2)"]
[Site "Internet Chess Club"]
[Date "2021.04.23"]
[Round "1"]
[White "MARIAN, AARON:K09-15799497"]
[Black "BOAZ SABO, NOAH:K09-30155594"]
[Result "1-0"]
[ICCResult "Black resigns"]
[WhiteElo "1400"]
[BlackElo "1400"]
[Opening "QGD: 3.Nc3"]
[ECO "D31"]
[NIC "QP.08"]
[Time "18:01:10"]
[PlyCount "41"]
[TimeControl "180+2"]

1. d4 d5 2. c4 e6 3. Nc3 Nc6 4. Nf3 Nf6 5. Bg5 Bb4 6. cxd5 exd5 7. e3 Qd7
8. Bd3 h6 9. Bxf6 gxf6 10. a3 Bxc3+ 11. bxc3 Qg4 12. Bb5 Qxg2 13. Rg1 Qh3
14. Rg3 Qe6 15. c4 dxc4 16. d5 Qe5 17. Nxe5 fxe5 18. dxc6 bxc6 19. Bxc6+
Bd7 20. Qxd7+ Kf8 21. Bxa8 { Black resigns } 1-0

[Event "ICC tourney 2530 (3 2)"]
[Site "Internet Chess Club"]
[Date "2021.04.23"]
[Round "1"]
[White "SREEJAN BAYYARAPU, MOHIT:K09-15582120"]
[Black "RAVAL, MEET:K09-30125723"]
[Result "1-0"]
[ICCResult "Black checkmated"]
[WhiteElo "1400"]
[BlackElo "1400"]
[Opening "Scandinavian (center counter) defense"]
[ECO "B01"]
[NIC "VO.17"]
[Time "18:01:11"]
[PlyCount "49"]
[TimeControl "180+2"]

1. e4 d5 2. exd5 Qxd5 3. Nf3 Bf5 4. d4 e6 5. c4 Qa5+ 6. Nc3 c6 7. Bd2 Qc7
8. Be2 Bd6 9. O-O Nf6 10. Rc1 Nbd7 11. d5 cxd5 12. cxd5 exd5 13. Nxd5 Qd8
14. Nxf6+ Qxf6 15. Bc3 Qe6 16. Bb5 a6 17. Re1 Be5 18. Rxe5 Qxe5 19. Nxe5
axb5 20. Nxd7 Bxd7 21. Qe2+ Kf8 22. Re1 g6 23. Qe7+ Kg8 24. Qf6 Kf8 25.
Qxh8# { Black checkmated } 1-0

[Event "ICC tourney 2530 (3 2)"]
[Site "Internet Chess Club"]
[Date "2021.04.23"]
[Round "1"]
[White "KINI, SIDDHARTH:K09-15628986"]
[Black "O MORGAN, JONATHAN:K09-30131265"]
[Result "1-0"]
[ICCResult "Black resigns"]
[WhiteElo "1400"]
[BlackElo "1400"]
[Opening "Vienna gambit"]
[ECO "C29"]
[NIC "VG.04"]
[Time "18:01:10"]
[PlyCount "65"]
[TimeControl "180+2"]

1. e4 e5 2. Nc3 Nf6 3. f4 d6 4. Nf3 Nc6 5. Bc4 Bg4 6. h3 a6 7. hxg4 Nxg4 8.
d3 Qd7 9. f5 O-O-O 10. Bd5 Ne3 11. Bxe3 Nb4 12. a3 Nxd5 13. Nxd5 c6 14. Nc3
d5 15. Nxe5 Qd6 16. Nxf7 Qe7 17. Nxd8 Qxd8 18. exd5 cxd5 19. Bf2 d4 20. Ne4
Qa5+ 21. Qd2 Qxd2+ 22. Nxd2 Bc5 23. Ne4 Re8 24. O-O-O Bb6 25. Rxh7 Bc7 26.
Bxd4 Bf4+ 27. Kb1 Rd8 28. Bc3 b5 29. Rxg7 a5 30. Rg4 Bg5 31. Rxg5 Rxd3 32.
Rxd3 b4 33. Rd6 { Black resigns } 1-0

[Event "ICC tourney 2530 (3 2)"]
[Site "Internet Chess Club"]
[Date "2021.04.23"]
[Round "1"]
[White "WANG, LUCAS:K12-16797884"]
[Black "VIBHAV BONDALAPATI, SRI:K09-16633657"]
[Result "0-1"]
[ICCResult "White checkmated"]
[WhiteElo "1400"]
[BlackElo "1400"]
[Opening "Sicilian: Taimanov variation"]
[ECO "B45"]
[NIC "SI.31"]
[Time "18:01:27"]
[PlyCount "140"]
[TimeControl "180+2"]

1. e4 c5 2. Nf3 Nc6 3. Nc3 e6 4. d4 cxd4 5. Nxd4 Bc5 6. Nxc6 bxc6 7. Be3
Bxe3 8. fxe3 Nf6 9. g3 O-O 10. Bg2 d5 11. O-O Bb7 12. exd5 exd5 13. b3 Qb6
14. Qd4 Qxd4 15. exd4 Rac8 16. Rfe1 c5 17. Re5 cxd4 18. Nxd5 Bxd5 19. Bxd5
Rxc2 20. Ree1 Nxd5 21. Red1 Ne3 22. Rxd4 h6 23. Re4 Nd5 24. Rd1 Nc3 25. Rc4
Nxd1 26. Rxc2 Ne3 27. Re2 Nd5 28. Rd2 Nc3 29. Rc2 Nb5 30. Rc5 Nd6 31. Rd5
Rd8 32. Kf2 Kh8 33. Ke3 Kg8 34. Kf2 Ne4+ 35. Ke3 Rxd5 36. Kxe4 Ra5 37. a4
Rh5 38. h4 Rc5 39. Kd4 Rc1 40. Kd3 Rg1 41. Ke4 Rxg3 42. b4 Rb3 43. b5 Rb4+
44. Kd5 Rxa4 45. Kc5 Rxh4 46. Kc6 Rb4 47. Kb7 Rxb5+ 48. Kxa7 Rh5 49. Kb6 f5
50. Kc5 g5 51. Kd4 f4 52. Ke4 Rh4 53. Kf3 Kf7 54. Kg2 Kf6 55. Kf3 Kf5 56.
Kg2 g4 57. Kf2 f3 58. Kg3 Rh3+ 59. Kf2 Kf4 60. Kg1 g3 61. Kf1 h5 62. Kg1
f2+ 63. Kf1 Rh1+ 64. Ke2 f1=Q+ 65. Kd2 g2 66. Kc3 Qb5 67. Kd4 g1=Q+ 68. Kc3
Rh3+ 69. Kc2 Qb3+ 70. Kd2 Qb2# { White checkmated } 0-1

[Event "ICC tourney 2530 (3 2)"]
[Site "Internet Chess Club"]
[Date "2021.04.23"]
[Round "1"]
[White "JURECKA JACOBSON, LEVI:K09-30145990"]
[Black "T FEDDERSEN, NICHOLAS:K09-17108237"]
[Result "0-1"]
[ICCResult "White checkmated"]
[WhiteElo "1256"]
[BlackElo "1400"]
[Opening "Caro-Kann defense"]
[ECO "B10"]
[NIC "CK.01"]
[Time "18:01:12"]
[PlyCount "70"]
[TimeControl "180+2"]

1. e4 c6 2. Nf3 d5 3. exd5 cxd5 4. Bb5+ Bd7 5. Qe2 a6 6. Bxd7+ Nxd7 7. O-O
e6 8. h4 Be7 9. Ng5 Bxg5 10. hxg5 Qxg5 11. Qe3 Qxe3 12. dxe3 Ngf6 13. Rd1
O-O 14. Rd4 Rac8 15. Rb4 Rxc2 16. Na3 Rc7 17. Bd2 Rfc8 18. Bc3 Ne4 19. Rc1
Nxc3 20. bxc3 h6 21. g4 Ne5 22. f4 Nxg4 23. Nc2 Rxc3 24. Rxb7 Rxc2 25. Rxc2
Rxc2 26. Ra7 Rxa2 27. e4 dxe4 28. f5 exf5 29. Rd7 a5 30. Rd5 g6 31. Rd1 a4
32. Rf1 a3 33. Rf2 Rxf2 34. Kh1 a2 35. Kg1 a1=R# { White checkmated } 0-1

[Event "ICC tourney 2530 (3 2)"]
[Site "Internet Chess Club"]
[Date "2021.04.23"]
[Round "1"]
[White "ZENG, LUCY:K09-17101736"]
[Black "KLEIN, ISAAC:K09-17334355"]
[Result "0-1"]
[ICCResult "White resigns"]
[WhiteElo "1400"]
[BlackElo "1259"]
[Opening "Hungarian defense"]
[ECO "C50"]
[NIC "IG.03"]
[Time "18:02:22"]
[PlyCount "54"]
[TimeControl "180+2"]

1. e4 e5 2. Nf3 Nc6 3. Bc4 Be7 4. Nc3 Nf6 5. Ng5 O-O 6. d3 h6 7. Nf3 Nd4 8.
O-O Nxf3+ 9. Qxf3 d6 10. Qg3 Nh5 11. Qf3 Nf6 12. Qg3 Nh5 13. Qf3 Nf6 14.
Qg3 Nh5 15. Qf3 Nf6 16. Qg3 Nh5 17. Qf3 Nf6 18. Qg3 Nh5 19. Qf3 Nf6 20. Qg3
Nh5 21. Qf3 Nf6 22. Qg3 Nh5 23. Qf3 Nf6 24. Qg3 Nh5 25. Qf3 Nf6 26. Qg3 Bg4
27. Qf3 Bxf3 { White resigns } 0-1

[Event "ICC tourney 2530 (3 2)"]
[Site "Internet Chess Club"]
[Date "2021.04.23"]
[Round "1"]
[White "MATTHEW PUDOL CALAUNAN, ANGELO:K12-17270737"]
[Black "ANG, TIMOTHY:K09-16772800"]
[Result "0-1"]
[ICCResult "White resigns"]
[WhiteElo "1400"]
[BlackElo "1400"]
[Opening "Four knights: Spanish variation"]
[ECO "C48"]
[NIC "KP.03"]
[Time "18:01:35"]
[PlyCount "40"]
[TimeControl "180+2"]

1. e4 e5 2. Nf3 Nc6 3. Nc3 Nf6 4. Bb5 d6 5. O-O Be7 6. d4 exd4 7. Nxd4 Bd7
8. Nxc6 Bxc6 9. Bxc6+ bxc6 10. Re1 O-O 11. Bf4 h6 12. e5 dxe5 13. Qxd8
Raxd8 14. Bxe5 Rd7 15. Rad1 Rfd8 16. f4 Bc5+ 17. Kf1 Ng4 18. Rxd7 Rxd7 19.
h3 Ne3+ 20. Kg1 Nxc2+ { White resigns } 0-1

[Event "ICC tourney 2530 (3 2)"]
[Site "Internet Chess Club"]
[Date "2021.04.23"]
[Round "1"]
[White "LI, AUSTIN:K09-16606238"]
[Black "ADEWUMI, TANITOLUWA:K12-16649696"]
[Result "0-1"]
[ICCResult "White checkmated"]
[WhiteElo "1400"]
[BlackElo "1400"]
[Opening "Sicilian: Taimanov (Bastrikov) variation"]
[ECO "B47"]
[NIC "SI.40"]
[Time "18:01:18"]
[PlyCount "104"]
[TimeControl "180+2"]

1. e4 c5 2. Nf3 e6 3. d4 cxd4 4. Nxd4 Nc6 5. Nc3 Qc7 6. a3 a6 7. f3 b5 8.
Be3 Bb7 9. Qd2 Nf6 10. O-O-O Rc8 11. Nxc6 Bxc6 12. Be2 d5 13. exd5 Nxd5 14.
Nxd5 Bxd5 15. Bd4 Bb3 16. Bc3 Bd5 17. Rhe1 Be7 18. g4 O-O 19. h3 Bd6 20.
Kb1 Rfd8 21. Ba5 Bf4 22. Bxc7 Bxd2 23. Bxd8 Bxe1 24. Rxe1 Rxd8 25. Rd1 Kf8
26. c4 bxc4 27. Bxc4 Be4+ 28. Kc1 Rxd1+ 29. Kxd1 Bxf3+ 30. Kd2 a5 31. Bf1
Ke7 32. Kc3 Kd6 33. Kc4 Bc6 34. b4 axb4 35. axb4 g5 36. b5 Bd5+ 37. Kb4 f5
38. gxf5 exf5 39. Be2 f4 40. Ka5 f3 41. Bf1 Kc5 42. b6 Bb7 43. Bd3 h5 44.
Bf1 g4 45. hxg4 hxg4 46. Ba6 Bxa6 47. Kxa6 f2 48. b7 f1=Q+ 49. Ka7 Qf7 50.
Ka8 Qd5 51. Ka7 Kc6 52. b8=Q Qa5# { White checkmated } 0-1

[Event "ICC tourney 2530 (3 2)"]
[Site "Internet Chess Club"]
[Date "2021.04.23"]
[Round "1"]
[White "MUTHUKUMARAN, ARJUN:K09-30018527"]
[Black "VALLI PILLA, ANANYA:K09-14998655"]
[Result "1-0"]
[ICCResult "Black checkmated"]
[WhiteElo "1400"]
[BlackElo "1400"]
[Opening "Queen's pawn, Mason variation"]
[ECO "D00"]
[NIC "QP.08"]
[Time "18:01:29"]
[PlyCount "53"]
[TimeControl "180+2"]

1. d4 d5 2. Bf4 Nf6 3. e3 Bf5 4. Be2 Nc6 5. c3 e6 6. Nf3 Bd6 7. Ne5 Qe7 8.
O-O Bxe5 9. dxe5 Ne4 10. Nd2 Nxd2 11. Qxd2 g5 12. Bg3 h5 13. h3 g4 14. h4
O-O-O 15. a4 Bg6 16. b4 Qd7 17. b5 Ne7 18. Bd3 Bxd3 19. Qxd3 Nf5 20. a5
Nxg3 21. fxg3 Qe8 22. b6 cxb6 23. axb6 axb6 24. Ra8+ Kd7 25. Qb5+ Ke7 26.
Qb4+ Kd7 27. Qd6# { Black checkmated } 1-0

[Event "ICC tourney 2530 (3 2)"]
[Site "Internet Chess Club"]
[Date "2021.04.23"]
[Round "1"]
[White "ZHU, AIDEN:K09-30141156"]
[Black "PARK, EVAN:K09-15748464"]
[Result "0-1"]
[ICCResult "White checkmated"]
[WhiteElo "1400"]
[BlackElo "1400"]
[Opening "Robatsch defense: two knights variation"]
[ECO "B06"]
[NIC "KF.06"]
[Time "18:01:20"]
[PlyCount "60"]
[TimeControl "180+2"]

1. e4 g6 2. Nf3 Bg7 3. d4 d6 4. Nc3 a6 5. Be3 b5 6. Bd3 Bb7 7. O-O Nd7 8.
Ng5 h6 9. Nh3 c5 10. Qf3 cxd4 11. Bxd4 Bxd4 12. Nd5 e6 13. c3 Bg7 14. Nb4
Ne7 15. Rfe1 O-O 16. Qe3 Nc5 17. Nf4 a5 18. Nc2 e5 19. Nd5 Bxd5 20. exd5
Nxd5 21. Qd4 exd4 22. Bxb5 dxc3 23. bxc3 Bxc3 24. Rad1 Bxe1 25. Nxe1 Nc3
26. Rc1 Nxb5 27. Nf3 Qf6 28. a4 Nxa4 29. Rc4 Qa1+ 30. Ne1 Qxe1# { White
checkmated } 0-1

[Event "ICC tourney 2530 (3 2)"]
[Site "Internet Chess Club"]
[Date "2021.04.23"]
[Round "1"]
[White "PEREZ MEZA, RODRIGO:K09-30127782"]
[Black "V MEHTA, SOHUM:K09-15597521"]
[Result "0-1"]
[ICCResult "White checkmated"]
[WhiteElo "1400"]
[BlackElo "1400"]
[Opening "QGD: Cambridge Springs defense"]
[ECO "D52"]
[NIC "QO.15"]
[Time "18:03:17"]
[PlyCount "76"]
[TimeControl "180+2"]

1. d4 d5 2. c4 e6 3. Nc3 Nf6 4. Nf3 Nbd7 5. Bg5 c6 6. e3 Qa5 7. Be2 Ne4 8.
Qc2 Bb4 9. Rc1 Nb6 10. O-O Nxg5 11. Nxg5 dxc4 12. a3 Bxc3 13. Qxc3 Qxg5 14.
Bxc4 Nxc4 15. Qxc4 Bd7 16. b4 O-O 17. a4 Rac8 18. Qe2 e5 19. dxe5 Qxe5 20.
Qf3 Qg5 21. Qf4 Qxf4 22. exf4 Be6 23. g3 Rfe8 24. Rfe1 Bh3 25. Rxe8+ Rxe8
26. b5 cxb5 27. axb5 Re7 28. Rc3 g6 29. f3 Kg7 30. g4 f5 31. Kf2 fxg4 32.
fxg4 Bxg4 33. Kg3 Bf5 34. Ra3 b6 35. h3 Rd7 36. Kh4 Rd3 37. Ra4 Rxh3+ 38.
Kg5 Rh5# { White checkmated } 0-1

[Event "ICC tourney 2530 (3 2)"]
[Site "Internet Chess Club"]
[Date "2021.04.23"]
[Round "1"]
[White "ZONG, DAVIS:K09-14980186"]
[Black "CATLIN, CHRISTIAN:K09-17355105"]
[Result "1-0"]
[ICCResult "Black checkmated"]
[WhiteElo "1400"]
[BlackElo "1400"]
[Opening "English opening"]
[ECO "A20"]
[NIC "EO.24"]
[Time "18:01:14"]
[PlyCount "55"]
[TimeControl "180+2"]

1. c4 e5 2. g3 Nf6 3. Bg2 Nc6 4. Nc3 Bc5 5. e3 O-O 6. Nge2 d6 7. d4 exd4 8.
exd4 Bb4 9. O-O Bxc3 10. Nxc3 Bg4 11. Qd3 Nb4 12. Qd2 Qe7 13. Bxb7 Rab8 14.
Bg2 Rfe8 15. a3 Nc6 16. Bxc6 Bh3 17. Bg2 Bxg2 18. Kxg2 Ne4 19. Nxe4 Qxe4+
20. Kg1 Re6 21. b4 h5 22. Bb2 h4 23. Rae1 Qf3 24. Qf4 Qc6 25. d5 Qb7 26.
dxe6 h3 27. Qxf7+ Kh7 28. Qxg7# { Black checkmated } 1-0

[Event "ICC tourney 2530 (3 2)"]
[Site "Internet Chess Club"]
[Date "2021.04.23"]
[Round "1"]
[White "SUN, YIMENG:K09-16513258"]
[Black "XU, JAYDEN:K12-15918365"]
[Result "0-1"]
[ICCResult "White forfeits on time"]
[WhiteElo "1400"]
[BlackElo "1400"]
[Opening "Sicilian"]
[ECO "B50"]
[NIC "SI.01"]
[Time "18:01:42"]
[PlyCount "22"]
[TimeControl "180+2"]

1. e4 c5 2. Nf3 d6 3. c3 Nf6 4. d4 cxd4 5. cxd4 Nc6 6. Nc3 Bg4 7. Be2 e5 8.
dxe5 dxe5 9. Bg5 Be7 10. h3 Bh5 11. Bxf6 Bxf6 { White forfeits on time }
0-1

[Event "ICC tourney 2530 (3 2)"]
[Site "Internet Chess Club"]
[Date "2021.04.23"]
[Round "1"]
[White "SUN, YICHEN:K09-30153816"]
[Black "MALLADI, SADKRITH:K09-15797710"]
[Result "0-1"]
[ICCResult "White checkmated"]
[WhiteElo "1400"]
[BlackElo "1400"]
[Opening "Sicilian: Alapin's variation (2.c3)"]
[ECO "B22"]
[NIC "SI.46"]
[Time "18:01:13"]
[PlyCount "64"]
[TimeControl "180+2"]

1. e4 c5 2. c3 Nf6 3. d4 Nxe4 4. Qe2 Nf6 5. dxc5 Nc6 6. b4 e6 7. Nf3 d6 8.
Be3 dxc5 9. bxc5 Be7 10. g3 O-O 11. Bg2 Qa5 12. Qc4 Nd5 13. Nd4 Ne5 14. Qb5
Qxb5 15. Nxb5 Nxe3 16. fxe3 Bxc5 17. Nd4 Nd3+ 18. Kd2 Ne5 19. Rf1 Bd7 20.
Bxb7 Rab8 21. Bg2 Rb2+ 22. Nc2 Ba4 23. Rc1 Nc4+ 24. Kd3 Rxc2 25. Rxc2 Bxc2+
26. Kxc2 Nxe3+ 27. Kd3 Nxg2 28. Nd2 Rd8+ 29. Kc2 Ne3+ 30. Kc1 Ba3+ 31. Kb1
Rxd2 32. g4 Rd1# { White checkmated } 0-1

[Event "ICC tourney 2530 (3 2)"]
[Site "Internet Chess Club"]
[Date "2021.04.23"]
[Round "1"]
[White "GHODAKE, SPARSH:K09-16884947"]
[Black "SHAH, ARSH:K09-17096480"]
[Result "1/2-1/2"]
[ICCResult "Game drawn by mutual agreement"]
[WhiteElo "1300"]
[BlackElo "1400"]
[Opening "English: Sicilian reversed"]
[ECO "A25"]
[NIC "EO.20"]
[Time "18:01:34"]
[PlyCount "56"]
[TimeControl "180+2"]

1. c4 e5 2. Nc3 Nc6 3. g3 f5 4. Bg2 Nf6 5. d3 d6 6. e3 Be6 7. Nge2 Be7 8.
O-O O-O 9. f4 Qd7 10. Re1 Rad8 11. Qc2 h6 12. b3 a6 13. Bb2 Rde8 14. Rad1
Qc8 15. d4 exd4 16. Nxd4 Nxd4 17. exd4 Bd7 18. Nd5 Nxd5 19. Bxd5+ Kh8 20.
Bf3 Bf6 21. Qg2 c6 22. d5 Bxb2 23. Qxb2 c5 24. Qf2 Rxe1+ 25. Rxe1 Re8 26.
Rxe8+ Qxe8 27. Qe2 Qxe2 28. Bxe2 Kg8 { Game drawn by mutual agreement }
1/2-1/2

[Event "ICC tourney 2530 (3 2)"]
[Site "Internet Chess Club"]
[Date "2021.04.23"]
[Round "1"]
[White "GUERRERIO, CHRISTOPHER:K09-16206065"]
[Black "HANKE, HARVEY:K09-17137475"]
[Result "1-0"]
[ICCResult "Black checkmated"]
[WhiteElo "1108"]
[BlackElo "1400"]
[Opening "King's Indian defense, 3.Nc3"]
[ECO "E61"]
[NIC "KI.80"]
[Time "18:01:15"]
[PlyCount "131"]
[TimeControl "180+2"]

1. d4 Nf6 2. c4 g6 3. Nc3 Bg7 4. Nf3 O-O 5. e3 d6 6. Bd3 Nc6 7. e4 Bg4 8.
d5 Ne5 9. Be2 Bxf3 10. Bxf3 Nxc4 11. Qb3 Nb6 12. O-O Rb8 13. Re1 Nfd7 14.
Nb5 a6 15. Nc3 Nc5 16. Qd1 Nc4 17. b3 Ne5 18. b4 Nxf3+ 19. Qxf3 Bxc3 20.
Bh6 Bg7 21. Bxg7 Kxg7 22. bxc5 dxc5 23. Rec1 b6 24. h3 Qd6 25. Re1 e6 26.
e5 Qxd5 27. Qxd5 exd5 28. Rad1 Rbd8 29. Re2 Rfe8 30. Kf1 d4 31. f4 Rd5 32.
Red2 f6 33. exf6+ Kxf6 34. Kf2 Re4 35. Kf3 Kf5 36. g4+ Kf6 37. Kxe4 Rd6 38.
g5+ Kf7 39. Rb1 Re6+ 40. Kd5 Re3 41. Kc6 Re7 42. Rb3 Ke8 43. Ra3 a5 44. Rf3
Kd8 45. Rff2 Re6+ 46. Kb7 Kd7 47. Rfe2 Rxe2 48. Rxe2 c4 49. Re4 c5 50. Kxb6
Kd6 51. Kb5 Kd5 52. Re5+ Kd6 53. Kxc4 d3 54. Kxd3 c4+ 55. Kxc4 a4 56. Ra5
a3 57. Rxa3 Kc6 58. Rb3 Kd6 59. a4 Kd7 60. a5 Kc6 61. a6 Kd7 62. a7 Kc6 63.
a8=Q+ Kd7 64. Qa6 Kc7 65. Rb7+ Kd8 66. Qa8# { Black checkmated } 1-0

[Event "ICC tourney 2530 (3 2)"]
[Site "Internet Chess Club"]
[Date "2021.04.23"]
[Round "1"]
[White "KUMAR MULPURI, PARTHIV:K09-16906012"]
[Black "TANZI, ANTONIO:K12-30133927"]
[Result "0-1"]
[ICCResult "White forfeits on time"]
[WhiteElo "1400"]
[BlackElo "1400"]
[Opening "King's pawn game"]
[ECO "C44"]
[NIC "KP.07"]
[Time "18:01:49"]
[PlyCount "74"]
[TimeControl "180+2"]

1. e4 e5 2. Nf3 Nc6 3. d3 Nf6 4. Bg5 h6 5. Bh4 Bc5 6. Nc3 O-O 7. Nd5 d6 8.
Nxf6+ gxf6 9. Be2 Ne7 10. Bxf6 Kh7 11. Qd2 a5 12. Nh4 b6 13. O-O Bd7 14.
Kh1 Rg8 15. f4 Qf8 16. Bxe7 Qxe7 17. Nf3 Bg4 18. fxe5 dxe5 19. h3 Bxf3 20.
Bxf3 Qg5 21. Qxg5 Rxg5 22. Bg4 f6 23. Rxf6 Rf8 24. Rxf8 Bxf8 25. Rf1 Be7
26. Rf7+ Rg7 27. Bf5+ Kg8 28. Rxg7+ Kxg7 29. g4 Bf6 30. Kg2 c6 31. Kg3 b5
32. b3 c5 33. a3 b4 34. a4 Kf7 35. Bd7 Bg5 36. h4 Be7 37. Bb5 Bf6 { White
forfeits on time } 0-1

[Event "ICC tourney 2530 (3 2)"]
[Site "Internet Chess Club"]
[Date "2021.04.23"]
[Round "1"]
[White "CHANDRAN, HARISH:K09-15751871"]
[Black "SUN, MOWEN:K09-30149165"]
[Result "1-0"]
[ICCResult "Black checkmated"]
[WhiteElo "1400"]
[BlackElo "1400"]
[Opening "English: four knights, Capablanca variation"]
[ECO "A20"]
[NIC "EO.07"]
[Time "18:01:22"]
[PlyCount "77"]
[TimeControl "180+2"]

1. c4 e5 2. d3 Nc6 3. Nc3 Nf6 4. Nf3 Bc5 5. g3 O-O 6. Bg2 d6 7. O-O Bf5 8.
a3 Qd7 9. Bd2 Rfe8 10. b4 Bb6 11. Rb1 a6 12. a4 Na7 13. b5 c5 14. bxa6 bxa6
15. Rxb6 Qc7 16. Qb3 Rab8 17. Rb1 Nd7 18. Rb7 Rxb7 19. Qxb7 Qxb7 20. Rxb7
Nc6 21. Nh4 Be6 22. Bxc6 Rd8 23. Bxd7 Bxd7 24. Nd5 Bc6 25. Ne7+ Kf8 26.
Nxc6 Re8 27. Ra7 Rc8 28. Rxa6 Ke8 29. Nf5 g6 30. Nxd6+ Kd7 31. Nxc8 Kxc8
32. Ne7+ Kd8 33. Bg5 Kd7 34. Rc6 Ke8 35. a5 Kf8 36. a6 Ke8 37. a7 Kd8 38.
a8=Q+ Kd7 39. Qc8# { Black checkmated } 1-0

[Event "ICC tourney 2530 (3 2)"]
[Site "Internet Chess Club"]
[Date "2021.04.23"]
[Round "1"]
[White "SATISH UPPATHIL, ADITHYA:K09-30062860"]
[Black "LIU, CATHERINE:K09-15277304"]
[Result "1-0"]
[ICCResult "Black checkmated"]
[WhiteElo "1400"]
[BlackElo "1400"]
[Opening "Sicilian defense"]
[ECO "B40"]
[NIC "SI.43"]
[Time "18:01:16"]
[PlyCount "73"]
[TimeControl "180+2"]

1. e4 c5 2. Nf3 e6 3. Nc3 Be7 4. d4 cxd4 5. Nxd4 a6 6. Be3 Nf6 7. f3 d6 8.
h4 O-O 9. Qd2 b5 10. g4 Bb7 11. g5 Nfd7 12. h5 Nc6 13. Nxc6 Bxc6 14. O-O-O
Nc5 15. f4 b4 16. Ne2 a5 17. Bxc5 dxc5 18. Qe3 Qb6 19. f5 exf5 20. Bg2 fxe4
21. Bxe4 Bxe4 22. Qxe4 Bxg5+ 23. Kb1 a4 24. Rdg1 Bh6 25. Nf4 b3 26. cxb3
axb3 27. Nd5 bxa2+ 28. Ka1 Qe6 29. Qf3 Rad8 30. Nf6+ Kh8 31. Ng4 Rd2 32.
Re1 Qb6 33. Qc3 Qb4 34. Nxh6 Qxc3 35. Nxf7+ Rxf7 36. Re8+ Rf8 37. Rxf8# {
Black checkmated } 1-0